Map: Dusk Towers

Players

FoxeR

  • Race: Protoss Protoss
  • League: Master

Dankilicious - Winner!

  • Race: Zerg Zerg
  • League: Master

VOD

Have the link to the VOD?

Description

Time

  • Played on: Feb. 29, 2016, 8:15 p.m.
  • Length: 15:21
Show
View Real Time Build Order
Export as new Build Order

FoxeR Protoss 

Build Orders: Nexus First, Blink Stalkers 

Get SALT Encoding   

  12  0:03  Probe (Chrono Boost)  
  14  0:14  Probe (Chrono Boost)  
  14  0:19  Pylon  
  14  0:25  Probe (Chrono Boost)  
  15  0:37  Probe (Chrono Boost)  
  16  0:47  Probe (Chrono Boost)  
  17  0:58  Nexus  
  17  1:09  Gateway  
  17  1:17  Assimilator  
  17  1:19  Probe (Chrono Boost)  
  18  1:29  Probe (Chrono Boost)  
  19  1:34  Gateway  
  20  1:40  Probe (Chrono Boost)  
  20  1:50  Probe (Chrono Boost)  
  21  1:57  Cybernetics Core  
  21  2:00  Pylon  
  21  2:03  Probe (Chrono Boost), Assimilator  
  22  2:11  Probe (Chrono Boost)  
  23  2:16  Probe (Chrono Boost)  
  23  2:21  Probe (Chrono Boost)  
  25  2:37  Stalker x2  
  25  2:38  Warp Gate  
  25  2:39  Probe x2 (Chrono Boost)  
  31  2:50  Probe x2 (Chrono Boost)  
  33  2:51  Pylon  
  33  2:54  Twilight Council  
  33  3:00  Probe (Chrono Boost)  
  33  3:01  Assimilator  
  34  3:06  Probe (Chrono Boost)  
  34  3:11  Mothership Core (Chrono Boost)  
  37  3:17  Probe (Chrono Boost)  
  38  3:27  Probe (Chrono Boost)  
  38  3:31  Robotics Facility  
  38  3:32  Probe (Chrono Boost)  
  40  3:37  Probe (Chrono Boost)  
  41  3:41  Blink (Chrono Boost)  
  41  3:42  Probe (Chrono Boost)  
  41  3:47  Probe  
  42  3:52  Gateway  
  43  3:56  Gateway, Probe  
  43  3:59  Probe  
  43  4:02  Assimilator  
  45  4:08  Probe, Pylon  
  46  4:10  Probe  
  47  4:20  Probe  
  47  4:24  Observer, Probe  
  49  4:26  Forge  
  50  4:33  Probe  
  51  4:41  Nexus  
  51  4:47  Probe  
  52  4:54  Protoss Ground Weapons Level 1 (Chrono Boost)  
  52  4:58  Observer  
  53  5:02  Stalker x2  
  53  5:03  Stalker x2  
  61  5:13  Templar Archives  
  61  5:20  Gateway x2  
  61  5:23  Gateway  
  61  5:25  Pylon  
  61  5:26  Observer  
  62  5:36  Pylon  
  62  5:43  Probe x2  
  62  5:49  Stalker x2  
  68  5:51  Pylon  
  68  5:53  Pylon  
  68  5:55  Psionic Storm, Probe x2  
  70  6:02  Probe  
  70  6:03  Stalker x2  
  75  6:07  Probe  
  75  6:09  Probe  
  77  6:14  Warp Prism  
  79  6:27  Protoss Ground Weapons Level 2  
  79  6:32  Stalker x3  
  79  6:33  Stalker, Probe  
  79  6:34  Probe  
  79  6:35  Probe  
  90  6:44  Probe  
  90  6:47  Probe x2  
  93  7:11  Stalker x5  
  93  7:12  Stalker x2  
  107  7:16  Assimilator  
  107  7:21  Pylon  
  107  7:22  Pylon  
  107  7:23  Assimilator  
  107  7:24  Pylon  
  107  7:41  Stalker x7  
  107  7:43  Probe x2  
  107  7:44  Probe  
  121  7:50  Pylon  
  122  7:55  Probe  
  123  8:07  High Templar  
  123  8:08  High Templar  
  123  8:09  Zealot x3  
  123  8:10  High Templar x2  
  137  8:13  Pylon x2  
  137  8:17  Probe  
  137  8:25  Archon  
  137  8:26  Archon  
  137  8:31  Pylon x2  
  137  8:32  Pylon  
  137  8:45  High Templar x3  
  137  8:46  High Templar  
  145  8:58  Nexus  
  144  9:15  Protoss Ground Weapons Level 3, Stalker x2  
  144  9:16  High Templar  
  150  9:19  Nexus, High Templar  
  150  9:22  Pylon  
  152  9:24  Pylon  
  152  9:25  Pylon  
  152  9:31  Warp Prism  
  152  9:35  Robotics Bay  
  154  9:41  Charge (Chrono Boost)  
  154  9:42  Pylon  
  154  9:45  Pylon  
  152  9:50  Assimilator  
  152  9:52  Stalker x3  
  151  10:23  Zealot x3  
  151  10:24  Zealot x4  
  165  10:29  Mothership Core  
  165  10:31  Probe x2  
  165  10:33  Probe  
  170  10:40  Gateway  
  170  10:42  Gateway, Probe x2  
  170  10:44  Gateway  
  170  10:45  Gateway, Probe  
  170  10:47  Stargate, Assimilator  
  170  10:49  Stargate  
  173  10:50  Probe  
  174  10:58  Stargate  
  174  11:01  Zealot x3, Photon Cannon  
  174  11:02  Zealot, Photon Cannon  
  182  11:04  Nexus  
  182  11:05  Photon Cannon  
  175  11:34  Zealot x4  
  175  11:38  Zealot  
  175  11:39  Zealot x2  
  182  11:43  Probe x2  
  182  11:44  Probe  
  182  11:45  Probe  
  117  12:09  Zealot x7  
  101  12:23  Void Ray x3 (Chrono Boost)  
  101  12:29  Observer  
  112  12:31  Probe x4  
  116  12:51  Observer  
  106  13:01  Void Ray x2 (Chrono Boost)  
  117  13:06  Void Ray (Chrono Boost)  
  117  13:10  Zealot x6  
  127  13:26  Probe x3  
  130  13:31  Nexus  
  130  13:35  Sentry  
  130  13:36  Sentry x3  
  130  13:38  Probe  
  139  13:46  Pylon  
  139  13:47  Observer, Pylon  
  144  13:49  Void Ray (Chrono Boost)  
  106  14:09  Observer  
  93  14:10  Zealot x5  
  96  14:17  Zealot x4  
  75  14:41  Probe x3  
  75  14:43  High Templar x4  
  75  14:44  High Templar x6, Probe  
  97  14:53  Probe x2  
  97  14:59  Archon  
  99  15:00  Archon x2  
  99  15:11  Pylon  
  99  15:12  Pylon  
  102  15:16  Archon  
  102  15:17  Archon  
Show
View Real Time Build Order
Export as new Build Order

Dankilicious Zerg - Winner!

Build Orders: 3 Hatch before Pool, Lurkers 

Get SALT Encoding   

  12  0:01  Drone  
  13  0:13  Overlord  
  13  0:19  Drone  
  14  0:23  Extractor  
  14  0:24  Drone  
  15  0:32  Drone  
  16  0:36  Drone  
  17  0:55  Hatchery  
  17  0:57  Drone  
  17  1:00  Drone  
  18  1:10  Drone  
  19  1:23  Hatchery  
  18  1:25  Drone  
  18  1:29  Drone  
  20  1:40  Spawning Pool  
  20  1:43  Drone  
  20  1:50  Drone  
  21  2:03  Drone  
  22  2:11  Drone  
  22  2:12  Overlord  
  23  2:24  Drone  
  23  2:27  Queen x2  
  28  2:32  Zergling x2  
  28  2:35  Drone  
  30  2:40  Zergling x4  
  30  2:44  Zergling x2  
  33  2:46  Spine Crawler, Drone x2  
  34  2:51  Drone  
  34  2:52  Spine Crawler  
  34  2:54  Queen  
  36  2:58  Drone  
  36  3:01  Overlord  
  37  3:09  Queen  
  39  3:15  Queen  
  39  3:18  Drone  
  42  3:22  Drone x2  
  44  3:28  Drone  
  44  3:34  Queen  
  45  3:35  Spine Crawler  
  45  3:38  Overlord  
  46  3:43  Overlord  
  46  3:45  Drone  
  46  3:46  Drone  
  48  3:56  Drone x5  
  48  3:57  Drone  
  48  3:59  Extractor  
  48  4:01  Extractor  
  48  4:02  Extractor x2  
  50  4:03  Drone  
  50  4:04  Drone  
  52  4:15  Queen x2  
  56  4:19  Drone  
  56  4:20  Drone x2  
  59  4:29  Drone x3  
  59  4:30  Overlord  
  62  4:31  Drone  
  62  4:35  Drone x2  
  65  4:43  Metabolic Boost  
  65  4:49  Roach Warren  
  65  4:51  Drone x3  
  67  4:56  Lair  
  67  5:02  Overlord x2  
  67  5:13  Overlord  
  67  5:14  Pneumatized Carapace  
  67  5:21  Drone x3  
  70  5:22  Drone x4  
  74  5:32  Drone x4  
  74  5:33  Drone x2  
  74  5:35  Drone, Extractor x2  
  80  5:36  Overlord  
  80  5:38  Overlord  
  79  5:44  Drone  
  79  5:45  Drone x2  
  82  6:01  Drone x2  
  82  6:02  Drone x4  
  88  6:09  Drone x2  
  90  6:13  Spire  
  89  6:18  Zergling x2  
  89  6:19  Zergling x12  
  95  6:26  Hatchery, Extractor  
  95  6:27  Overseer  
  95  6:30  Extractor  
  95  6:32  Overlord x2  
  92  6:33  Roach x2  
  92  6:34  Roach  
  98  6:41  Overlord  
  98  6:42  Overlord  
  98  6:53  Roach  
  98  6:54  Roach x5  
  109  6:56  Roach  
  112  7:02  Hatchery  
  112  7:03  Roach x4  
  112  7:08  Overlord x2  
  117  7:12  Zergling x6  
  117  7:13  Hydralisk Den  
  119  7:19  Hatchery  
  118  7:31  Hatchery  
  115  7:37  Mutalisk x8  
  115  7:38  Mutalisk x3  
  115  7:42  Overlord  
  137  7:48  Overlord  
  137  7:50  Drone x4  
  137  7:51  Drone  
  142  8:03  Mutalisk x2  
  142  8:04  Mutalisk x2  
  145  8:09  Hydralisk  
  145  8:11  Glial Reconstitution  
  147  8:14  Hydralisk  
  147  8:15  Hydralisk x4  
  147  8:19  Muscular Augments  
  155  8:21  Drone x2  
  155  8:22  Drone  
  158  8:31  Overlord  
  158  8:32  Hydralisk x3  
  164  8:39  Evolution Chamber x2  
  160  8:45  Drone x2, Roach  
  160  8:46  Extractor  
  163  8:49  Drone x2, Extractor  
  163  8:50  Drone x4  
  163  8:53  Hydralisk  
  163  8:54  Hydralisk x2  
  174  8:58  Drone x3  
  177  9:06  Overlord x2  
  177  9:21  Overlord  
  177  9:24  Hydralisk  
  177  9:25  Hydralisk x4  
  177  9:29  Extractor  
  177  9:30  Hatchery  
  185  9:32  Lurker Den  
  185  9:33  Zerg Missile Weapons Level 1  
  185  9:34  Zerg Ground Armor Level 1, Extractor  
  160  10:24  Zergling x2  
  160  10:25  Zergling x20  
  160  10:27  Ravager x2  
  160  10:28  Ravager x6  
  174  10:29  Ravager x2  
  177  10:41  Infestation Pit  
  176  10:44  Hydralisk x4  
  176  10:46  Zergling x2  
  185  10:55  Overseer x2  
  185  10:56  Overseer  
  185  10:59  Lurker  
  185  11:00  Lurker x11  
  185  11:03  Lurker  
  198  11:08  Zergling x4  
  195  11:42  Roach x2  
  191  11:48  Roach x5  
  158  12:09  Roach x13  
  158  12:10  Roach x4  
  176  12:18  Zergling x6  
  169  12:23  Roach x3  
  173  12:30  Hive  
  173  12:32  Zergling x2  
  173  12:33  Zergling x8  
  178  12:49  Hydralisk x5  
  185  12:51  Zergling x4  
  185  12:57  Hatchery  
  184  13:01  Zerg Missile Weapons Level 2, Zerg Ground Armor Level 2  
  184  13:09  Zergling x22  
  184  13:10  Zergling x4  
  197  13:15  Evolution Chamber  
  185  13:21  Hydralisk x2  
  185  13:22  Hydralisk x3  
  195  13:44  Greater Spire  
  195  13:45  Adrenal Glands, Ultralisk Cavern  
  194  13:49  Zergling x4  
  194  13:50  Zergling x4  
  184  13:58  Roach  
  184  13:59  Roach x8  
  178  14:04  Hydralisk  
  178  14:05  Hydralisk x13, Extractor  
  178  14:08  Extractor  
  173  14:17  Hydralisk x5  
  164  14:25  Hydralisk x6  
  164  14:29  Hydralisk x2  
  171  14:34  Hydralisk x2  
  171  14:35  Hydralisk x4  
  167  14:44  Drone x3  
  167  14:45  Drone  
  168  14:48  Drone x2  
  168  14:50  Ravager  
  168  14:51  Ravager x3  
  168  14:52  Ravager x2  
  176  14:53  Ravager  
  176  14:54  Ravager  
  176  14:55  Ravager  
  181  15:02  Ravager  
  181  15:05  Overseer  
  182  15:07  Overseer  
Tags
 
Add a new tag
Caveats
  • Supply blocks, unpowered buildings, or Contaminate may cause inaccurate times.
  • Supply counts are checked every 10 seconds.